 Dungeon Crawl Stone Soup version 0.30-a0-1116-gebefce21f7 (webtiles) character file.

Game seed: 5121590050095413644

3045 sircluck the Cleaver (level 9, -1/118 (121) HPs)
             Began as a Hill Orc Fighter on Apr 20, 2023.
             Was an Initiate of Beogh.
             Slain by a hornet (12 damage)
             ... on level 8 of the Dungeon on Apr 21, 2023.
             The game lasted 00:14:12 (6278 turns).

sircluck the Cleaver (Hill Orc Fighter)             Turns: 6278, Time: 00:14:12

HP:   -1/118 (121)  AC: 12    Str: 29    XL:     9   Next: 87%
MP:   9/9           EV: 12    Int: 12    God:    Beogh [......]
Gold: 361           SH:  5    Dex: 13    Spells: 8/8 levels left

rFire   + + .      SeeInvis .    a - +0 war axe
rCold   + . .      Faith    +    c - +0 buckler
rNeg    . . .      Spirit   .    r - +4 leather armour "Rohot" {Int+4}
rPois   .          Reflect  .    p - +0 helmet
rElec   .          Rampage  .    m - scarf {rC+ rF+}
rCorr   .                        (no gloves)
Will    .....                    (no boots) Stlth
                                 k - amulet of faith
HPRegen 0.39/turn                q - +6 ring of strength
MPRegen 0.11/turn                n - ring "Xiuvabiot" {rF+ AC+4 Dex+3}

@: berserking, lethally poisoned (-1 -> -2), weakened, lightly drained, very
quick
A: no striking features
a: Renounce Religion


You were on level 8 of the Dungeon.
You worshipped Beogh.
Beogh was noncommittal.
You visited 2 branches of the dungeon, and saw 9 of its levels.

You collected 361 gold pieces.

Inventory:

Hand Weapons
 a - a +0 war axe (weapon)
 J - a +4 hand axe
Missiles
 h - 8 javelins (quivered)
 o - 5 boomerangs
 s - 53 stones
 L - 6 poisoned darts
 M - a curare-tipped dart
Armour
 b - a +0 scale mail
 c - a +0 buckler (worn)
 m - a scarf of resistance (worn)
 p - a +0 helmet (worn)
 r - the +4 leather armour "Rohot" (worn) {Int+4}
   (You found it on level 2 of the Dungeon)

   Int:       It affects your intelligence (+4).
Jewellery
 k - an amulet of faith (around neck)
 n - the ring "Xiuvabiot" (right hand) {rF+ AC+4 Dex+3}
   (You found it on level 2 of the Dungeon)

   [ring of protection]

   AC:        It affects your AC (+4).
   Dex:       It affects your dexterity (+3).
   rF:        It protects you from fire.
 q - a +6 ring of strength (left hand)
 A - a ring of fire
Wands
 E - a wand of flame (3)
 K - a wand of roots (7)
Scrolls
 f - 2 scrolls of vulnerability {unknown}
 i - 3 scrolls of amnesia {unknown}
 l - 8 scrolls of identify {unknown}
 w - a scroll of blinking {unknown}
 x - 3 scrolls of magic mapping {unknown}
 y - a scroll of brand weapon {unknown}
 D - 3 scrolls of teleportation {unknown}
 F - a scroll of poison {unknown}
 G - a scroll of noise {unknown}
Potions
 d - a potion of might
 e - a potion of haste {unknown}
 g - a potion of berserk rage
 j - 3 potions of resistance {unknown}
 t - 4 potions of heal wounds {unknown}
 u - 2 potions of invisibility {unknown}
 v - 3 potions of cancellation {unknown}
 z - 4 potions of curing {unknown}
 B - 2 potions of lignification {unknown}
 C - 2 potions of attraction {unknown}
 H - 2 potions of degeneration {unknown}
 I - 4 potions of mutation {unknown}


   Skills:
 + Level 7.8 Fighting
 + Level 12.4 Axes
 + Level 0.8 Throwing
 + Level 4.9 Armour
 + Level 3.9 Dodging
 + Level 2.3 Stealth
 + Level 5.0 Shields


You had 8 spell levels left.
You didn't know any spells.
Your spell library contained the following spells:

 Spells                   Type           Power      Damage    Failure   Level
 Magic Dart               Conj           0%         1d3       43%         1
 Call Imp                 Summ           0%         N/A       56%         2
 Cigotuvi's Dreadful Rot  Necr/Pois/Air  0%         N/A       56%         2
 Ensorcelled Hibernation  Hex/Ice        0%         N/A       56%         2
 Call Canine Familiar     Summ           0%         N/A       80%         3
 Ignite Poison            Fire/Tmut/Pois 0%         N/A       80%         3
 Inner Flame              Hex/Fire       0%         N/A       80%         3
 Mephitic Cloud           Conj/Pois/Air  0%         N/A       80%         3
 Portal Projectile        Hex/Tloc       0%         N/A       80%         3
 Volatile Blastmotes      Fire/Tloc      0%         2d10      80%         3
 Anguish                  Hex/Necr       0%         N/A       99%         4
 Dispel Undead            Necr           0%         3d6       99%         4
 Fulminant Prism          Conj/Hex       0%         3d5       99%         4
 Iskenderun's Mystic Bla  Conj/Tloc      0%         2d3       99%         4
 Leda's Liquefaction      Hex/Erth       0%         N/A       99%         4
 Freezing Cloud           Conj/Ice/Air   0%         6-21      100%        5
 Lee's Rapid Deconstruct  Erth           0%         3d4*      100%        5
 Death Channel            Necr           0%         N/A       100%        6
 Enfeeble                 Hex            0%         N/A       100%        7


Dungeon Overview and Level Annotations

Branches:
Dungeon (8/15)             Temple (1/1) D:7            Lair (0/5) D:8

Altars:
Ashenzari
Cheibriados
Dithmenos
Fedhas
Gozag
Hepliaklqana
Kikubaaqudgha
Makhleb
Nemelex Xobeh
Okawaru
Qazlal
Ru
Sif Muna
Trog
Uskayaw
Vehumet
Wu Jian
Xom
Yredelemnul


Message History

The gnoll hits you from afar with a +0 halberd.
You feel sick. The hornet stings you!
You feel yourself slow down. The gnoll hits you but does no damage.
You feel sick.
The hornet stings you but does no damage.
The hornet stings you.
* * * LOW HITPOINT WARNING * * *
You shrug off the repeated paralysis!
The gnoll hits you from afar with a +0 halberd.
* * * LOW HITPOINT WARNING * * *
You can move again.
The hornet attacks as you move away! The hornet barely misses you.
You feel sick. The hornet stings you.
* * * LOW HITPOINT WARNING * * *
You shrug off the repeated paralysis!
The gnoll bouda gazes fiercely through you!
You feel your attacks grow feeble.
You see here a howler monkey corpse.
Aiming: Fastroot
Press: ? - help, Q - select action, (/) - cycle Shift-Dir - straight line You can't see that place. [the floor.]
Okay, then.
It was a potion of berserk rage.
A red film seems to cover your vision as you go berserk!
You feel yourself moving faster!
You feel mighty!
You feel yourself speed up.
You feel sick. You block the hornet's attack. The hornet barely misses you.
The wight hits you with a +0 flail.
* * * LOW HITPOINT WARNING * * *
You feel drained.
* * * LOW HITPOINT WARNING * * *
You barely miss the hornet.
The hornet is heavily wounded.
You hit the wight.
You feel sick. You block the hornet's attack. The wight closely misses you.
You hit the hornet.
The hornet is severely wounded.
You slash the wight!
You feel sick. The hornet stings you!
You die...

.....# .....# .....# ..#..#
####### # )...## ##.....## .
...## ##....#..##. ..##
########.....#...## ).# ##
#.....#......#....# ..#
..##.g#y@##.#.#....#....# ..#
⌠...ogoz##....#......##.. ..#
..##..#z.##.#.##.#...##.# ..#
##.#c....#....#.#....# ..##
##########..##.##..## ...##
##.......##....#..##. ....##
##.........##.....##..
.....#######....###.#..#######..#
...#...........## #>...........##


You could see a hornet, a centaur, a gnoll bouda, 2 wights and 2 orcs.

Vanquished Creatures
  A two-headed ogre (D:8)
  Sigmund (D:6)
  3 wyverns
  A steam dragon (D:6)
  Edmund (D:6)
  A water moccasin (D:5)
  A black bear (D:4)
  3 ogres
  2 phantoms
  A kobold brigand (D:6)
  2 bullfrogs
  4 scorpions
  4 wights (D:7)
  A howler monkey (D:8)
  4 hounds
  3 iguanas
  2 orc wizards
  4 adders
  2 white imps (D:7)
  An ufetubus (D:6)
  2 worms (D:4)
  4 dart slugs
  15 orcs
  4 bats
  14 endoplasms
  A giant cockroach (D:4)
  5 goblins
  12 hobgoblins
  3 jackals (D:3)
  2 quokkas
  7 ball pythons
  2 frilled lizards
  15 kobolds
  4 rats
132 creatures vanquished.

Vanquished Creatures (others)
  A centaur (D:8)
  A kobold brigand (D:8)
  An orc priest (D:8)
  2 orcs (D:8)
  2 kobolds (D:8)
7 creatures vanquished.

Grand Total: 139 creatures vanquished

Notes
Turn   | Place    | Note
-------+----------+-------------------------------------------
     0 | D:1      | sircluck the Hill Orc Fighter began the quest for the Orb.
     0 | D:1      | Reached XP level 1. HP: 19/19 MP: 1/1
   168 | D:1      | Reached XP level 2. HP: 23/27 MP: 2/2
   745 | D:2      | Reached skill level 3 in Axes
   777 | D:2      | Identified the ring "Xiuvabiot" {rF+ AC+4 Dex+3}
   834 | D:2      | Reached XP level 3. HP: 33/33 MP: 3/3
  1055 | D:2      | Reached skill level 4 in Axes
  1077 | D:2      | Identified the +4 leather armour "Rohot" {Int+4}
  1398 | D:3      | Found a radiant altar of Vehumet.
  1404 | D:3      | Reached XP level 4. HP: 40/40 MP: 4/4
  1534 | D:3      | Found a sparkling altar of Nemelex Xobeh.
  1535 | D:3      | Found a hide-covered altar of Uskayaw.
  1535 | D:3      | Found an ancient bone altar of Kikubaaqudgha.
  1550 | D:3      | Found a blossoming altar of Fedhas.
  1550 | D:3      | Found a stormy altar of Qazlal.
  1551 | D:3      | Found a sacrificial altar of Ru.
  1709 | D:3      | Reached skill level 5 in Axes
  1714 | D:3      | Got the Folio of Fey Snow
  2291 | D:4      | Reached XP level 5. HP: 46/46 MP: 5/5
  2349 | D:4      | Reached skill level 6 in Axes
  2425 | D:4      | Reached skill level 1 in Dodging
  2482 | D:4      | Reached XP level 6. HP: 49/53 MP: 6/6
  2524 | D:4      | Noticed a black bear
  2534 | D:4      | Killed a black bear
  2640 | D:4      | Reached skill level 7 in Axes
  2862 | D:5      | Entered Level 5 of the Dungeon
  3055 | D:5      | Reached skill level 1 in Stealth
  3055 | D:5      | Reached XP level 7. HP: 60/60 MP: 7/7
  3112 | D:5      | Reached skill level 5 in Fighting
  3175 | D:5      | Reached skill level 8 in Axes
  3804 | D:6      | Reached skill level 9 in Axes
  3804 | D:6      | Reached XP level 8. HP: 60/69 MP: 8/8
  4116 | D:6      | Reached skill level 10 in Axes
  4272 | D:6      | Noticed Edmund
  4284 | D:6      | Killed Edmund
  4288 | D:6      | Upgraded the game from 0.30-a0-1114-gd936c97349 to
                  | 0.30-a0-1116-gebefce21f7
  4322 | D:6      | Noticed Sigmund
  4325 | D:6      | Killed Sigmund
  4699 | D:7      | Reached XP level 9. HP: 47/78 MP: 9/9
  4742 | D:7      | Reached skill level 11 in Axes
  5256 | D:7      | Found a staircase to the Ecumenical Temple.
  5746 | Temple   | Entered the Ecumenical Temple
  5779 | D:8      | Became a worshipper of Beogh the Brigand
  5900 | D:8      | Noticed a two-headed ogre
  5910 | D:8      | Killed a two-headed ogre
  5911 | D:8      | Reached skill level 12 in Axes
  6039 | D:8      | Found a staircase to the Lair.
  6218 | D:8      | Reached skill level 5 in Shields
  6256 | D:8      | Noticed a hornet
  6266 | D:8      | Identified the +1 leather armour "Godwiam" {Int+2}
  6272 | D:8      | Paralysed by a hornet for 2 turns
  6278 | D:8      | Slain by a hornet

Illustrated notes

Levels and vault maps discovered:
D:1:      reono_arrival_forest_river, layout_loops_ring
D:2:      layout_rooms, serial_corexii_hall, corexii_hall_statues_l,
          corexii_hall_statues_s, chequers_hall_statues_corner_a,
          corexii_hall_statues_i, feat_on_display
D:3:      layout_basic, vehumet_crystals, grunt_temple_overflow_open
D:4:      layout_basic, minmay_misc_feat_x, minmay_distorted
D:5:      layout_basic, chequers_serial_rivers_small_a
D:6:      layout_rooms, minmay_misc_feat_chi, sigmund_edmund_badplayer
D:7:      layout_layer_cave, minmay_temple_entry_waves
D:8:      minmay_the_grid_octo_tiled_octocenter
          [minmay_the_grid_octo_tetromino_candy, minmay_the_grid_octo_clover_2,
          minmay_the_grid_octo_vomiting_pacman,
          minmay_the_grid_octo_checkerflower, minmay_the_grid_octo_prize_big_c,
          minmay_the_grid_square_5x5_inner_v,
          minmay_the_grid_square_5x5_intrusive_squares,
          minmay_the_grid_square_5x5_one_wall,
          minmay_the_grid_square_5x5_fat_x], layout_basic,
          palyth_stone_intersect
Temple:   nicolae_temple_no_exploring_needed

Skill      XL: |  1  2  3  4  5  6  7  8  9 |
---------------+----------------------------+-----
Axes           | 3 4 5 6 7 9 10 12 | 12.4
Fighting       | 4 5 6 7 |  7.8
Dodging        | 1 2 3 |  3.9
Stealth        | 1 2 |  2.3
Armour         | 4 |  4.9
Shields        | 4 5 |  5.0
Throwing       | |  0.8

Action                     |  1- 3 |  4- 6 |  7- 9 || total
---------------------------+-------+-------+-------++-------
  Melee: War axe           |    99 |   118 |   208 ||   425
  Throw: Javelin           |       |       |     3 ||     3
 Invoke: Convert to Beogh  |       |       |     1 ||     1
    Use: Potion            |       |       |     1 ||     1
   Stab: Sleeping          |       |     1 |     3 ||     4
 Armour: Scale mail        |    47 |       |       ||    47
         Leather armour    |     1 |    51 |   100 ||   152
  Dodge: Dodged            |    56 |    72 |   122 ||   250
  Block: Buckler           |    20 |    24 |    43 ||    87

Table legend: (Time is in decaauts)
 A = Elapsed time spent in this place.
 B = Non-inter-level travel time spent in this place.
 C = Inter-level travel time spent in this place.
 D = Time resting spent in this place.
 E = Time spent auto-exploring this place.
 F = Levels seen in this place.
 G = Mean time per level.
                   A        B        C        D        E       F      G
               +--------+--------+--------+--------+--------+-----+--------+
         Total |   6371 |   6082 |    289 |    205 |   4544 |   9 |  707.9 |
       Dungeon |   6370 |   6081 |    289 |    205 |   4544 |   8 |  796.2 |
        Temple |      1 |      1 |      0 |      0 |      0 |   1 |    1.0 |
               +--------+--------+--------+--------+--------+-----+--------+

Top non-repeatable levels by time:
     D:7: 1273 daAuts
     D:5: 931 daAuts
     D:3: 825 daAuts
     D:1: 759 daAuts
     D:6: 728 daAuts
     D:4: 689 daAuts
     D:2: 660 daAuts
     D:8: 502 daAuts
  Temple: 1 daAuts
